cohdb
Replays
Latest Replays
All Replays
Popular Replays
Top Player Replays
Match Explorer
How It Works
Community
CoH3 Stats
Reddit
Sign in to upload your games and track your stats! →
Sign in with Steam
Match 39181374
Unlisted
Match 39181374
Overview
Messages
Build Orders
End
Scout Squad
Construct Barracks
Riflemen Squad
Riflemen Squad
Riflemen Squad
Construct Medical Station
Infantry Support Center
Grenade Package
M1918 Browning Automatic Rifles
M1 Mortar Team
Construct Motor Pool
M8 Greyhound Armored Car
M1 Anti-tank Gun Team
Engineer Squad
Advanced Logistics
M1 Anti-tank Gun Team
Survival Training
Riflemen Squad
M1 Mortar Team
Selects Special Operations Battlegroup
Selects Raiding Flares
Selects M29 Weasel with M1 Pack Howitzer
Selects P-47 Anti-Infantry Loiter
P-47 Anti-Infantry Loiter
Riflemen Squad
M8 Greyhound Armored Car
Engineer Squad
Selects SSF Commando Squad
Selects UNKNOWN (2162291)
M1 Anti-tank Gun Team
M1 Anti-tank Gun Team
[PD] Ducktus
『BlackBear』
0
0
Comments
sign in to comment!
No comments posted yet!